 Dungeon Crawl Stone Soup version 0.21-a0-442-g848f44b (webtiles) character file.

63 slep the Skirmisher (level 3, -2/32 HPs)
             Began as a Demonspawn Wanderer on Nov 17, 2017.
             Was a Follower of Sif Muna.
             Slain by an adder (4 damage)
             ... on level 2 of the Dungeon.
             The game lasted 00:06:10 (1058 turns).

slep the Skirmisher (Demonspawn Wanderer)           Turns: 1058, Time: 00:06:11

Health: -2/32      AC:  2    Str: 13 (14) XL:     3   Next: 89%
Magic:  4/4        EV: 11    Int:  9 (12) God:    Sif Muna [*.....]
Gold:   61         SH:  0    Dex:  9 (12) Spells: 4/4 levels left

rFire    . . .     SeeInvis .   b - +0 hand axe
rCold    . . .     Gourm    .   (no shield)
rNeg     . . .     Faith    .   d - +0 robe
rPois    .         Spirit   .   (no helmet)
rElec    .         Reflect  .   (no cloak)
rCorr    .         Harm     .   (no gloves)
MR       .....                  (no boots)
Stlth    +.........             (no amulet)
HPRegen  0.10/turn              (no ring)
MPRegen  0.09/turn              (no ring)

@: lethally poisoned (-2 -> -17), hasted, very quick
A: powered by death 1
a: Divine Energy, Renounce Religion


You were on level 2 of the Dungeon.
You worshipped Sif Muna.
Sif Muna was aware of your devotion.
You were hungry.

You visited 1 branch of the dungeon, and saw 2 of its levels.

You collected 61 gold pieces.

Inventory:

Hand Weapons
 b - a +0 hand axe (weapon)
 c - a +0 spear
Missiles
 m - 77 stones (quivered)
Armour
 d - a +0 robe (worn)
Scrolls
 h - a scroll of remove curse {unknown}
 i - a scroll of noise {unknown}
 n - 2 scrolls of blinking {unknown}
 p - a scroll of enchant armour {unknown}
 q - a scroll of recharging {unknown}
 u - a scroll of amnesia {unknown}
Potions
 j - 3 potions of agility
 k - a potion of degeneration
 t - a potion of might {unknown}
Books
 a - a book of Conjurations

   Spells                             Type                      Level
   a - Magic Dart                     Conjuration                  1
   b - Searing Ray                    Conjuration                  2
   c - Dazzling Spray                 Conjuration/Hexes            3
   d - Fulminant Prism                Conjuration/Hexes            4
   e - Force Lance                    Conjuration/Translocation    4
   f - Iskenderun's Mystic Blast      Conjuration                  4
Comestibles
 f - a bread ration
 l - 3 meat rations
 o - a royal jelly
 v - 3 fruits


   Skills:
 + Level 4.9 Fighting
 + Level 1.4 Axes
 + Level 0.3 Throwing
 + Level 1.0 Armour
 + Level 0.5 Dodging
 + Level 1.2 Stealth
 + Level 1.0 Spellcasting
   Level 2.0 Conjurations
   Level 1.0 Evocations


You had 4 spell levels left.
You didn't know any spells.

Dungeon Overview and Level Annotations

Branches:
Dungeon (2/15)

Altars:
Sif Muna


Innate Abilities, Weirdness & Mutations

You regenerate a little health from kills.


Message History

You closely miss the adder.
* * * LOW HITPOINT WARNING * * *
You feel sick. The adder bites you but does no damage. The adder bites you.
* * * LOW HITPOINT WARNING * * *
You barely miss the adder.
The adder is severely wounded.
You closely miss the adder.
* * * LOW HITPOINT WARNING * * *
You feel sick. The adder barely misses you. The adder bites you.
* * * LOW HITPOINT WARNING * * *
The adder closely misses you. x2
It was a potion of degeneration.
There was something very wrong with that liquid.
You feel weakened.
You feel dopey.
You feel clumsy.
* * * LOW HITPOINT WARNING * * *
You feel sick. The adder bites you but does no damage. The adder misses you.
It was a potion of haste.
You feel yourself speed up.
* * * LOW HITPOINT WARNING * * *
You feel sick. The adder closely misses you. The adder bites you.
You die...

...≈≈≈≈≈≈.≈.#
≈≈≈≈≈≈≈≈≈≈..#
≈≈≈≈≈≈≈≈≈≈..##
≈≈≈≈≈≈≈≈≈≈...#
.≈≈≈†♣.≈≈≈≈..#########
≈≈≈≈._≈≈≈≈≈..........##.
.≈≈≈≈♣.≈≈≈≈≈............
.≈≈≈≈≈≈≈≈≈≈......S...##.
≈≈≈≈≈≈≈≈≈≈......@S......
≈≈≈≈≈≈≈≈≈≈≈≈....>....###
≈≈≈≈≈≈.≈≈............#
.≈≈.≈.≈...≈≈..##.#####
#.......#####....#
......### ###...
#......## ... ........#
#... ##..#...##### #.


You could see 2 adders.

Vanquished Creatures
  2 adders (D:2)
  A worm (D:2)
  3 dart slugs (D:1)
  7 goblins
  A hobgoblin (D:1)
  6 jackals (D:1)
  4 bats
  7 frilled lizards
  2 kobolds
  5 rats
38 creatures vanquished.

Notes
Turn   | Place    | Note
-------+----------+-------------------------------------------
     0 | D:1      | slep the Demonspawn Wanderer began the quest for the Orb.
     0 | D:1      | slep set off with: a book of Conjurations, a +0 hand axe, a +0 spear, a +0 robe, a bread ration
     0 | D:1      | Reached XP level 1. HP: 19/19 MP: 2/2
   100 | D:1      | Gained mutation: You regenerate a little health from kills. [demonic ancestry]
   100 | D:1      | Reached XP level 2. HP: 11/26 MP: 3/3
   447 | D:1      | Reached XP level 3. HP: 31/32 MP: 4/4
   906 | D:2      | Reached skill level 1 in Axes
   992 | D:2      | Found a faded altar of an unknown god.
  1013 | D:2      | Became a worshipper of Sif Muna the Loreminder
  1013 | D:2      | Reached * piety under Sif Muna
  1050 | D:2      | HP: 1/32 [adder (1)]
  1058 | D:2      | Slain by an adder

Vault maps used:
D:1:      nzn_arrival_settlement, minmay_lizard_pond
D:2:      chequers_ecumenical_altar_island

Skill      XL: |  1  2  3 |
---------------+----------+-----
Axes           | 1 |  1.4
Fighting       | |  4.9
Throwing       | |  0.3
Armour         | |  1.0
Dodging        | |  0.5
Stealth        | |  1.2
Spellcasting   | |  1.0
Conjurations   | |  2.0
Evocations     | |  1.0

Action                   || total
-------------------------++-------
Melee: Hand axe          ||   108
Throw: Stone             ||    34
  Use: Potion            ||     4
 Stab: Sleeping          ||     1
Armor: Robe              ||    29
Dodge: Dodged            ||    83

Table legend:
 A = Spawn XP
 B = Non-spawn XP
 C = Spawn XP percentage of total XP
 D = Spawn monster count
 E = Non-spawn monster count
 F = Spawn count percentage of total count
 G = Total turns spent on level
                    A         B        C        D         E        F      G
               +---------+---------+-------+---------+---------+-------+---------
         Total |       0 |      91 |   0.0 |       0 |      38 |   0.0 |  1058
               +---------+---------+-------+---------+---------+-------+---------
           D:1 |       0 |      44 |   0.0 |       0 |      24 |   0.0 |   741
           D:2 |       0 |      47 |   0.0 |       0 |      14 |   0.0 |   317
               +---------+---------+-------+---------+---------+-------+---------
